 Dungeon Crawl Stone Soup version 0.18-a0-1782-gb76a692 (webtiles) character file.

44 Lovchig the Insei (level 3, 0/28 HPs)
             Began as a Vampire Monk on Apr 17, 2016.
             Slain by a hobgoblin
             ... wielding a +0 club
             ... led by Robin
              (2 damage)
             ... on level 2 of the Dungeon.
             The game lasted 00:08:31 (1563 turns).

Lovchig the Insei (Vampire Monk)                    Turns: 1563, Time: 00:08:33

Health: 0/28       AC:  5    Str: 11    XL:     3   Next: 41%
Magic:  3/3        EV: 16    Int: 12    God:
Gold:   25         SH:  0    Dex: 16    Spells: 0 memorised, 2 levels left

rFire  . . .     SeeInvis +       - Unarmed
rCold  . . .     Gourm    .     f - +0 ring mail
rNeg   . . .     Faith    .     (no shield)
rPois  .         Spirit   .     (no helmet)
rElec  .         Dismiss  .     (no cloak)
rCorr  .         Reflect  .     (no gloves)
SustAt .         Harm     .     (no boots)
MR     .....                    (no amulet)
Stlth  ++........               (no ring)
                                e - +4 ring of evasion

@: regenerating quickly, not resistant to hostile enchantments, unstealthy
A: fangs 3, see invisible, unbreathing
a: no special abilities


You were on level 2 of the Dungeon.
You were very full.

You visited 1 branch of the dungeon, and saw 2 of its levels.

You collected 25 gold pieces.

Inventory:

Armour
 a - a +0 robe
 f - a +0 ring mail (worn)
Jewellery
 e - a +4 ring of evasion (left hand)
Scrolls
 c - a scroll of fear {unknown}
 d - a scroll of remove curse {unknown}
 h - 2 scrolls of identify {unknown}
 j - a scroll of teleportation {unknown}
 l - a scroll of random uselessness {unknown}
Potions
 b - a potion of blood
 g - a potion of agility {unknown}
 i - a potion of berserk rage {unknown}
 k - a potion of might {unknown}


   Skills:
 * Level 2.9 Fighting
 * Level 0.5 Armour
 * Level 3.7 Dodging
 - Level 3.1 Stealth
 * Level 5.1 Unarmed Combat


You had 2 spell levels left.
You didn't know any spells.

Dungeon Overview and Level Annotations

Branches:
Dungeon (2/15)

Altars:


Innate Abilities, Weirdness & Mutations

Your natural rate of healing is unusually fast.
You have razor-sharp teeth.
You have supernaturally acute eyesight.
You can survive without breathing.


Message History

The goblin closely misses you. Robin hits you with a short sword.
You barely miss Robin.
Robin is almost dead.
The goblin hits you but does no damage. Robin closely misses you.
You barely miss Robin.
Robin is almost dead.
The goblin closely misses you.
You hit Robin.
You kill Robin!
Your Unarmed Combat skill increases to level 5!
The bat misses you. The goblin barely misses you. The bat misses you.
The bat barely misses you. The hobgoblin barely misses you.
The goblin hits you from afar with a spear!
* * * LOW HITPOINT WARNING * * *
There is an open door, spattered with blood here.
Items here: )) [[ † a short sword; an animal skin; a helmet; a dagger; a goblin corpse You barely miss the hobgoblin.
Your punch misses the hobgoblin. The bat hits you but does no damage.
The hobgoblin hits you with a club.
You die...

#......#
#......#
#......#
#......#
#######
#......#
......#
##'#'###
......# #.#.#
......#
#.#.####b.....#
#.#..g)@g.....#
######.)....#
......# ......#
......# .......
....... ###....


You could see a hobgoblin, a goblin and a bat.

Vanquished Creatures
  Robin (D:2)
  2 giant geckos (D:1)
  3 giant cockroaches
  9 goblins
  5 hobgoblins
  3 jackals (D:2)
  A giant newt (D:1)
  2 kobolds
  2 rats (D:1)
  4 bushes (D:1)
32 creatures vanquished.

Notes
Turn   | Place    | Note
--------------------------------------------------------------
     0 | D:1      | Lovchig the Vampire Monk began the quest for the Orb.
     0 | D:1      | Reached XP level 1. HP: 17/17 MP: 1/1
   802 | D:1      | Reached XP level 2. HP: 23/23 MP: 2/2
  1426 | D:2      | Noticed Robin
  1526 | D:2      | Reached XP level 3. HP: 28/28 MP: 3/3
  1561 | D:2      | Killed Robin
  1561 | D:2      | Reached skill level 5 in Unarmed Combat
  1563 | D:2      | Slain by a hobgoblin

Vault maps used:
D:1:      dpeg_arrival_round_c, serial_forest, infiniplex_forest_end_2,
          infiniplex_forest_clump_curved, infiniplex_forest_clump_large,
          infiniplex_forest_clump_diagonal, infiniplex_forest_clump_long,
          infiniplex_forest_3_way, infiniplex_forest_lined_2
D:2:      first_bread, uniq_robin, uniq_natasha, uniq_terence

Skill      XL: |  1  2  3 |
---------------+----------+-----
Unarmed Combat | 5 |  5.1
Fighting       | |  2.9
Armour         | |  0.5
Dodging        | |  3.7
Stealth        | |  3.1

Action                   || total
-------------------------++-------
Melee: Unarmed           ||   660
       Bite              ||   121
       Punch             ||    13
 Stab: Sleeping          ||     2
  Eat: Corpse            ||    12
Armor: Robe              ||     1
       Ring mail         ||    18
Dodge: Dodged            ||    81
